 Dungeon Sprint DCSS version 0.30.1-9-gdf580d7c3d (webtiles) character file.

Game seed: 5296707959220148358

6082 Groucho the Unseen (level 10, -3/44 HPs)
             Began as a Spriggan Enchanter on Oct 19, 2023.
             Was the Champion of Dithmenos.
             Slain by a demonic crawler (14 damage)
             ... in the Dungeon (Sprint I: "Red Sonja").
             The game lasted 00:08:47 (1218 turns).

Groucho the Unseen (Spriggan Enchanter)             Turns: 1218, Time: 00:08:47

Health: -3/44      AC:  5    Str:  4    XL:     10   Next: 58%
Magic:  24/27      EV: 24    Int: 21    God:    Dithmenos [******]
Gold:   437        SH:  0    Dex: 16    Spells: 17/34 levels left

rFire   . . .        a - +1 dagger
rCold   . . .        (no shield)
rNeg    . . .        p - +2 robe {Will+}
rPois   .            (helmet restricted)
rElec   .            n - +0 cloak
rCorr   .            (gloves unavailable)
SInv    +            (boots unavailable)
Will    ++...        (no amulet) Stlth *+++++++++
                     (no ring)
HPRegen 0.27/turn    (no ring)
MPRegen 0.20/turn

%: no teleportation
@: wreathed by umbra, very quick
A: very small, no large weapons, unfitting armour, see invisible, speed 3
a: Renounce Religion, Shadow Step, Shadow Form


You were in the Dungeon.
You worshipped Dithmenos.
Dithmenos was exalted by your worship.
You visited 1 branch You collected 1198 gold pieces.
You spent 761 gold pieces at shops.

Inventory:

Hand Weapons
 a - a +1 dagger (weapon)
 m - the +1 dagger of Supply {antimagic, *Rage Fly Will- Dex+7}
   (You bought it in a shop in the Dungeon)

   Dex:       It affects your dexterity (+7).
   Fly:       It grants you flight.
   *Rage:     It berserks you when you make melee attacks (+20% chance).
   Will:      It decreases your willpower.
 o - the +3 dagger "Yptuamy" {flame, +Blink rF- rN+ Int+4}
   (You bought it in a shop in the Dungeon)

   Int:       It affects your intelligence (+4).
   rF:        It makes you vulnerable to fire.
   rN:        It protects you from negative energy.
   +Blink:    It lets you blink.
Armour
 b - a +0 robe
 k - the orb of Free Will {guile, -Tele rPois rN++ rCorr Stlth+}
   (You found it in the Dungeon)

   rPois:     It protects you from poison.
   rN:        It greatly protects you from negative energy.
   -Tele:     It prevents most forms of teleportation.
   rCorr:     It protects you from acid and corrosion.
   Stlth:     It makes you more stealthy.
 n - a +0 cloak (worn)
 p - a +2 robe of willpower (worn)
Wands
 h - a wand of flame (21)
Scrolls
 i - a scroll of fog {unknown}
 j - a scroll of enchant armour {unknown}
 l - a scroll of fear {unknown}
 q - a scroll of amnesia {unknown}
Potions
 c - 2 potions of invisibility
 d - 6 potions of curing
 e - a potion of heal wounds
 f - a potion of haste
 g - 2 potions of magic


   Skills:
 + Level 9.4 Short Blades
 + Level 11.4 Dodging
 - Level 15.0 Stealth
 + Level 12.9 Spellcasting
 * Level 9.3 Conjurations
 + Level 13.2 Hexes
 + Level 7.3 Earth Magic


You had 17 spell levels left.
You knew the following spells:

 Your Spells              Type           Power      Damage    Failure   Level
a - Ensorcelled Hibernat  Hex/Ice        82%        N/A       1%          2
b - Confusing Touch       Hex            62%        N/A       1%          3
c - Dazzling Flash        Conj/Hex       100%       N/A       1%          3
d - Tukima's Dance        Hex            62%        N/A       1%          3
e - Sandblast             Erth           88%        2d18      1%          1
f - Stone Arrow           Conj/Erth      96%        3d13      1%          3
g - Passwall              Tmut/Erth      23%        N/A       1%          2

Your spell library contained the following spells:

 Spells                   Type           Power      Damage    Failure   Level
 Iskenderun's Mystic Bla  Conj/Tloc      33%        2d8       7%          4
 Volatile Blastmotes      Fire/Tloc      26%        2d12      14%         3
 Starburst                Conj/Fire      16%        6d6       73%         6


Dungeon Overview and Level Annotations

Branches:
Dungeon (1/1)

Altars:
Cheibriados
Dithmenos
Elyvilon
Fedhas
Gozag
Hepliaklqana
Kikubaaqudgha
Makhleb
Nemelex Xobeh
Okawaru
Qazlal
Ru
Sif Muna
Trog
Uskayaw
Vehumet
Wu Jian
Xom
Yredelemnul
Zin
The Shining One
Jiyva
Lugonu

Shops:
D [:((*=[[:([[((*[[


Innate Abilities, Weirdness & Mutations

You are very small and have problems with some larger weapons.
You are too small for most types of armour.
You have supernaturally acute eyesight. (SInv)
You cover ground extremely quickly. (Speed+++)


Message History

Casting: Confusing Touch (safe; 1% risk of failure)
Confirm with . or Enter, or press ? or * to list all spells.
Aiming: Tukima's Dance (safe; 1% risk of failure)
Press: ? - help, Shift-Dir - straight line, f - you
Okay, then.
Casting: Tukima's Dance (safe; 1% risk of failure)
Confirm with . or Enter, or press ? or * to list all spells.
Casting: Dazzling Flash (safe; 1% risk of failure)
Press: ? - help, Dir - look around, f - activate The demonic crawler is dazzled.
The demonic crawler hits you! The demonic crawler hits you.
The demonic crawler misses you.
Unknown command.
Unknown command.
Unknown command.
Unknown command.
You catch the helpless demonic crawler completely off-guard!
You impale the demonic crawler!!
The demonic crawler is heavily wounded.
Your shadow barely misses the demonic crawler.
You hit the demonic crawler but do no damage.
The demonic crawler is moderately wounded.
Your shadow hits the demonic crawler with a dagger.
The demonic crawler misses you. The demonic crawler closely misses you.
The demonic crawler completely misses you.
You catch the helpless demonic crawler completely off-guard!
You skewer the demonic crawler like a kebab!!!
The demonic crawler is almost dead.
The demonic crawler hits you. The demonic crawler misses you.
The demonic crawler closely misses you. The demonic crawler barely misses you.
The demonic crawler completely misses you.
The demonic crawler closely misses you.
Unknown command.
You hit the demonic crawler but do no damage.
The demonic crawler is severely wounded.
The demonic crawler hits you!
* * * LOW HITPOINT WARNING * * *
You emit a cloud of dark smoke.
The demonic crawler completely misses you.
The demonic crawler hits you!
You die...

###################
..#.)'..#__#..'.§§#
.)'..#..'..'..#§@s##+#
#+#####'#__####§.s'..#
..#...#.####§.#####†.+
###..##§#~~~.§#..# +##
__##'#§§§~§~.§§§.#
...'..._#§~§§)#..#
__##_.#'##+#####'###
__###'#.#).))###.'§#
#####.####'###[###.#


You could see 2 demonic crawlers.

Vanquished Creatures
  2 centaur warriors (D)
  Sonja (D)
  A deep troll (D)
  An oklob plant (D)
  2 demonic crawlers (D)
  2 kobold demonologists (D)
  2 unseen horrors (D)
  A hornet (D)
  Sigmund (D)
  A yak (D)
  A slime creature (D)
  2 redbacks (D)
  2 floating eyes (D)
  An ogre (D)
  7 necrophages (D)
  8 jellies (D)
  Ijyb (D)
  A ballistomycete spore (D)
37 creatures vanquished.

Vanquished Creatures (others)
  A ballistomycete spore (D)
1 creature vanquished.

Grand Total: 38 creatures vanquished

Notes
Turn   | Place    | Note
-------+----------+-------------------------------------------
     0 | D        | Groucho the Spriggan Enchanter began the quest for the Orb.
     0 | D        | Reached XP level 1. HP: 9/9 MP: 5/5
     1 | D        | Noticed Ijyb
     9 | D        | Killed Ijyb
    10 | D        | Reached skill level 7 in Stealth
    10 | D        | Reached skill level 5 in Hexes
    10 | D        | Reached XP level 2. HP: 13/13 MP: 6/8
    48 | D        | Noticed an ogre
    50 | D        | Killed an ogre
    51 | D        | Reached skill level 10 in Stealth
    51 | D        | Reached XP level 3. HP: 16/16 MP: 8/11
    51 | D        | Reached XP level 4. HP: 21/21 MP: 9/13
    54 | D        | Learned a level 2 spell: Ensorcelled Hibernation
    58 | D        | Learned a level 3 spell: Confusing Touch
    62 | D        | Learned a level 3 spell: Dazzling Flash
    66 | D        | Learned a level 3 spell: Tukima's Dance
    82 | D        | Noticed Sigmund
    84 | D        | Killed Sigmund
    85 | D        | Reached skill level 14 in Stealth
    85 | D        | Reached XP level 5. HP: 24/24 MP: 13/16
    97 | D        | Found a shimmering blue altar of Sif Muna.
    98 | D        | Found an ornate altar of the Wu Jian Council.
    99 | D        | Found a radiant altar of Vehumet.
   106 | D        | Reached XP level 6. HP: 28/28 MP: 13/18
   421 | D        | Found Edwyzour's Book Emporium.
   421 | D        | Found an ancient bone altar of Kikubaaqudgha.
   421 | D        | Found a hazy altar of Hepliaklqana.
   421 | D        | Found a stormy altar of Qazlal.
   421 | D        | Found a hide-covered altar of Uskayaw.
   421 | D        | Found a blossoming altar of Fedhas.
   421 | D        | Found a bloodstained altar of Trog.
   421 | D        | Found an iron altar of Okawaru.
   421 | D        | Found a basalt altar of Yredelemnul.
   421 | D        | Found a glowing golden altar of the Shining One.
   421 | D        | Found a snail-covered altar of Cheibriados.
   421 | D        | Found a sacrificial altar of Ru.
   421 | D        | Found a glowing silver altar of Zin.
   421 | D        | Found a shadowy altar of Dithmenos.
   421 | D        | Found a white marble altar of Elyvilon.
   421 | D        | Noticed a yak
   422 | D        | Found an opulent altar of Gozag.
   423 | D        | Killed a yak
   424 | D        | Found a sparkling altar of Nemelex Xobeh.
   430 | D        | Became a worshipper of Dithmenos the Shadowed
   435 | D        | Bought a book of Geomancy for 234 gold pieces
   437 | D        | Learned a level 1 spell: Sandblast
   441 | D        | Learned a level 3 spell: Stone Arrow
   444 | D        | Learned a level 2 spell: Passwall
   464 | D        | Found a burning altar of Makhleb.
   464 | D        | Found a shimmering altar of Xom.
   464 | D        | Noticed a slime creature
   465 | D        | Found a viscous altar of Jiyva.
   465 | D        | Found a corrupted altar of Lugonu.
   467 | D        | Killed a slime creature
   468 | D        | Reached skill level 5 in Dodging
   468 | D        | Reached skill level 15 in Stealth
   468 | D        | Reached skill level 1 in Earth Magic
   468 | D        | Reached XP level 7. HP: 32/32 MP: 18/20
   489 | D        | Noticed a centaur warrior
   493 | D        | Noticed a centaur warrior
   494 | D        | Killed a centaur warrior
   495 | D        | Reached skill level 5 in Short Blades
   495 | D        | Reached skill level 10 in Spellcasting
   495 | D        | Reached skill level 5 in Conjurations
   495 | D        | Reached skill level 10 in Hexes
   495 | D        | Reached XP level 8. HP: 36/36 MP: 21/23
   495 | D        | Killed a centaur warrior
   495 | D        | Reached * piety under Dithmenos
   505 | D        | Noticed a hornet
   509 | D        | Killed a hornet
   510 | D        | Reached XP level 9. HP: 39/39 MP: 20/24
   538 | D        | Noticed an oklob plant
   540 | D        | Killed an oklob plant
   541 | D        | Reached skill level 5 in Earth Magic
   547 | D        | Reached ** piety under Dithmenos
   577 | D        | Noticed an unseen horror
   577 | D        | Noticed an unseen horror
   583 | D        | Killed an unseen horror
   583 | D        | Reached *** piety under Dithmenos
   585 | D        | Killed an unseen horror
   594 | D        | Reached **** piety under Dithmenos
   632 | D        | Reached ***** piety under Dithmenos
   703 | D        | Reached skill level 10 in Dodging
   757 | D        | Found Zoluolil's Antique Weapon Boutique.
   758 | D        | Found Ihiach's General Store.
   759 | D        | Found Nimeh's Antique Armour Emporium.
   761 | D        | Identified the orb of Free Will {guile, -Tele rPois rN++
                  | rCorr Stlth+}
   777 | D        | Found Ydempoq's Weapon Shoppe.
   777 | D        | Found Wyssu's Antique Weapon Shop.
   777 | D        | Found Cammir's Assorted Antiques.
   779 | D        | Found Wuusm's Jewellery Emporium.
   779 | D        | Found Fief's Antique Armour Shop.
   779 | D        | Found Poczy's Antique Armour Shoppe.
   779 | D        | Found Meuxt's Book Boutique.
   779 | D        | Found Wuneimue's Antique Weapon Emporium.
   779 | D        | Found Runat's Armour Shop.
   779 | D        | Found Cetist's Armour Shoppe.
   783 | D        | Found Icuanucu's Antique Weapon Boutique.
   792 | D        | Bought a smouldering dagger for 224 gold pieces
   792 | D        | Identified the +1 dagger of Supply {antimagic, *Rage Fly
                  | Will- Dex+7} (You bought it in a shop in the Dungeon)
   798 | D        | Bought a cloak for 90 gold pieces
   799 | D        | Bought a transparent dagger for 154 gold pieces
   799 | D        | Identified the +3 dagger "Yptuamy" {flame, +Blink rF- rN+
                  | Int+4} (You bought it in a shop in the Dungeon)
   810 | D        | Bought a glowing robe for 59 gold pieces
   868 | D        | Noticed a deep troll
   870 | D        | Killed a deep troll
   871 | D        | Reached XP level 10. HP: 44/44 MP: 24/27
   882 | D        | Found Qack's Armour Emporium.
   894 | D        | Noticed Sonja
   897 | D        | Killed Sonja
   911 | D        | Found Misy's Antique Armour Boutique.
  1203 | D        | Reached ****** piety under Dithmenos
  1208 | D        | Noticed a demonic crawler
  1208 | D        | Noticed a demonic crawler
  1208 | D        | Noticed a demonic crawler
  1208 | D        | Noticed a demonic crawler
  1210 | D        | Killed a demonic crawler
  1211 | D        | Killed a demonic crawler
  1218 | D        | Slain by a demonic crawler

Illustrated notes

Levels and vault maps discovered:
D:        dungeon_sprint_1 [red_sonja_temple_1, red_sonja_temple_small_1]

Skill      XL: |  1  2  3  4  5  6  7  8  9 10 |
---------------+-------------------------------+-----
Stealth        | 7 10 14 15 | 15.0
Spellcasting   | 4 6 7 8 9 10 12 | 12.9
Hexes          | 5 6 8 9 10 11 12 13 | 13.2
Short Blades   | 3 5 6 8 9 |  9.4
Dodging        | 5 6 8 10 11 | 11.4
Conjurations   | 3 5 6 8 9 |  9.3
Earth Magic    | 1 3 4 6 7 |  7.3

Action                     |  1- 3 |  4- 6 |  7- 9 | 10-12 || total
---------------------------+-------+-------+-------+-------++-------
  Melee: Dagger            |     8 |     4 |    47 |    11 ||    70
         Punch             |       |       |     2 |       ||     2
   Cast: Ensorcelled Hiber |       |     2 |     4 |       ||     6
         Stone Arrow       |       |       |     7 |       ||     7
         Confusing Touch   |       |       |     4 |       ||     4
         Dazzling Flash    |       |       |       |     1 ||     1
    Use: Potion            |     1 |       |       |       ||     1
         Scroll            |       |       |     1 |       ||     1
   Stab: Sleeping          |     1 |     4 |    17 |     7 ||    29
         Confused          |       |       |     4 |       ||     4
         Invisible         |       |       |       |     2 ||     2
 Armour: Robe              |       |       |     2 |       ||     2
  Dodge: Dodged            |     2 |     1 |    14 |    10 ||    27
